 Dungeon Crawl Stone Soup version 0.31-a0-875-g02e7d12df6 (webtiles) character file.

Game seed: 8690243403957605382

669 Dirtsage the Changeling (level 7, -1/46 HPs)
             Began as an Octopode Shapeshifter on Oct 12, 2023.
             Splashed by a jelly's acid (3 damage)
             ... on level 4 of the Dungeon.
             The game lasted 00:08:09 (3581 turns).

Dirtsage the Changeling (Octopode Shapeshifter)     Turns: 3581, Time: 00:08:09

Health: -1/46      AC: -11   Str: 21    XL:     7   Next: 58%
Magic:  7/7        EV: 13    Int: 12    God:
Gold:   202        SH:  0    Dex: 12    Spells: 6/6 levels left

rFire   . .          .
                       - Unarmed
rCold   . . .        (no shield)
rNeg    . . .        (helmet currently unavailable)
rPois   +            (no amulet)
rElec   .            P - ring of poison resistance
rCorr   .            o - +6 ring of strength
SInv    .            (no ring)
Will    .....        (no ring)
Stlth   ++           (no ring)
HPRegen 0.27/turn    (no ring)
MPRegen 0.10/turn    (no ring)
                     (no ring)

%: no passive effects
@: beast-form, corroded
A: beast (slay +3), almost no armour, amphibious, 8 rings, camouflage 1,
gelatinous body 1, (nimble swimmer 1), tentacles
a: Begin Untransformation


You were on level 4 of the Dungeon.
You were a hulking beast.
You visited 1 branch of the dungeon, and saw 5 of its levels.

You collected 202 gold pieces.

Inventory:

Jewellery
 o - a +6 ring of strength (right tentacle)
 P - a ring of poison resistance (left tentacle)
Talismans
 b - a beast talisman (active)
 c - a flux talisman
 h - a serpent talisman
 p - a storm talisman
Wands
 v - a wand of iceblast (3)
Scrolls
 d - 2 scrolls of summoning {unknown}
 g - a scroll of poison {unknown}
 l - a scroll of amnesia {unknown}
 m - a scroll of revelation
 w - 2 scrolls of teleportation {unknown}
 B - a scroll of blinking
Potions
 a - a potion of lignification
 e - a potion of enlightenment {unknown}
 f - 4 potions of cancellation
 j - a potion of mutation {unknown}
 k - a potion of might {unknown}
 n - a potion of haste {unknown}
 q - 2 potions of curing
 r - a potion of heal wounds {unknown}
 s - 2 potions of resistance {unknown}
 t - 2 potions of invisibility {unknown}


   Skills:
 - Level 3.4 Fighting
 - Level 2.0 Dodging
 - Level 4.9 Unarmed Combat
 + Level 6.3 Shapeshifting


You had 6 spell levels left.
You didn't know any spells.
Your spell library contained the following spells:

 Spells                   Type           Power      Damage    Failure   Level
 Necrotise                Necr           0%         1d4       32%         1
 Lesser Beckoning         Tloc           0%         N/A       45%         2
 Gell's Gravitas          Tloc           0%         N/A       69%         3
 Teleport Other           Tloc           0%         N/A       69%         3
 Vampiric Draining        Necr           0%         2d6       69%         3
 Agony                    Necr           0%         N/A       100%        5


Dungeon Overview and Level Annotations

Branches:
Dungeon (5/15)
 Temple: D:4-7

Altars:
Elyvilon
Gozag
Nemelex Xobeh
Uskayaw
Xom


Innate Abilities, Weirdness & Mutations

You are a hulking beast.
Your limbs bulge with bestial killing power. (Slay +3)
You cannot wear most types of armour.
You are amphibious.
You can wear up to eight rings at the same time.
Your skin changes colour to match your surroundings (Stealth+).
Your rubbery body absorbs attacks. (AC +1, EV +1)
((You are camouflaged when in or above water. (Stealth+)))
You have tentacles for arms and can constrict up to eight enemies at once.


Message History

a +0 dagger; a goblin corpse You bludgeon the hobgoblin!
You kill the hobgoblin!
You see here a hobgoblin corpse.
There is a stone staircase leading down here.
Found a white marble altar of Elyvilon.
Health restored: 46 Search for what [Enter for "talisman", or ? for help]? ring A jelly comes into view.
You catch the helpless jelly completely off-guard!
You tentacle-slap the jelly.
Your tentacles burn!
The jelly is moderately wounded.
You take 5 damage, and have 41/46 hp.
You tentacle-slap the jelly but do no damage.
The acid corrodes you!
Your tentacles burn!
You squeeze the jelly!
The jelly is severely wounded.
The jelly barely misses you.
You take 4 damage, and have 37/46 hp.
You tentacle-slap the jelly. The acid corrodes you!
Your tentacles burn!
The jelly is almost dead.
The jelly hits you. The acid corrodes you!
You are splashed with acid!
You take 16 damage, and have 21/46 hp.
MASSIVE DAMAGE!!
You tentacle-slap the jelly.
Your tentacles burn!
You tentacle-slap the jelly, but do no damage.
You squeeze the jelly, but do no damage.
The jelly is almost dead.
The jelly misses you.
You take 4 damage, and have 17/46 hp.
You tentacle-slap the jelly but do no damage.
Your tentacles burn!
* * * LOW HITPOINT WARNING * * *
You squeeze the jelly, but do no damage.
The jelly is almost dead.
The jelly hits you.
* * * LOW HITPOINT WARNING * * *
You are splashed with acid!
* * * LOW HITPOINT WARNING * * *
You take 15 damage, and have 2/46 hp.
MASSIVE DAMAGE!!
You tentacle-slap the jelly.
Your tentacles burn!
You die...

.............................{..o
#####.#......##.####.#.##########
..†...#.####.##.####.#.#.........
#######.# #...).......#.########
####....# ######......#.# #####
........# ##...##.......####....
..##....# ##.....##...#####......
..##....# #.....J.#...# #.#....
....#.#.# #..._.h.#.<.# #.#....
..#.#.#.###.......#...# #.#.)..
..#...#...##.....##########.#....
.###....#####...## #......#..).
..###.#....###.### #.###.......
..# #.#..#.# #.#.# #.# #.......
..# #.#..#.###...# #.# #.......
..###.#..........# #.# #.......
.......##..####### #.# #.......


You could see a jelly.

Vanquished Creatures
  Edmund (D:4)
  An ogre (D:5)
  2 scorpions
  3 jellies
  A hound (D:4)
  Jessica (D:2)
  An iguana (D:4)
  An orc wizard (D:4)
  6 adders
  3 dart slugs
  10 orcs
  13 endoplasms
  6 giant cockroaches
  15 goblins
  8 hobgoblins
  A jackal (D:3)
  9 quokkas
  5 ball pythons
  3 bats
  3 frilled lizards
  8 kobolds
  4 rats (D:1)
105 creatures vanquished.

Notes
Turn   | Place    | Note
-------+----------+-------------------------------------------
     0 | D:1      | Dirtsage the Octopode Shapeshifter began the quest for the
                  | Orb.
     0 | D:1      | Reached XP level 1. HP: 13/13 MP: 1/1
   105 | D:1      | Reached XP level 2. HP: 18/18 MP: 2/2
   524 | D:1      | Reached XP level 3. HP: 23/23 MP: 3/3
  1156 | D:2      | Noticed Jessica
  1160 | D:2      | Killed Jessica
  1161 | D:2      | Reached XP level 4. HP: 25/29 MP: 4/4
  1487 | D:3      | Found a shimmering altar of Xom.
  1904 | D:3      | Reached skill level 4 in Shapeshifting
  1904 | D:3      | Reached XP level 5. HP: 34/34 MP: 5/5
  2133 | D:3      | Found a sparkling altar of Nemelex Xobeh.
  2133 | D:3      | Found an opulent altar of Gozag.
  2379 | D:4      | Reached XP level 6. HP: 24/41 MP: 6/6
  2898 | D:4      | Reached skill level 5 in Shapeshifting
  3041 | D:4      | Noticed Edmund
  3057 | D:5      | Entered Level 5 of the Dungeon
  3197 | D:5      | Reached XP level 7. HP: 42/46 MP: 7/7
  3378 | D:5      | Noticed a +0 dagger
  3378 | D:5      | Noticed a +0 spear
  3378 | D:5      | Noticed a +0 falchion
  3379 | D:5      | Noticed a +0 spear
  3379 | D:5      | Noticed a +0 falchion
  3379 | D:5      | Noticed a +0 short sword
  3380 | D:5      | Noticed a +0 short sword
  3380 | D:5      | Noticed a +0 dagger
  3382 | D:5      | Found a hide-covered altar of Uskayaw.
  3428 | D:4      | Killed Edmund
  3429 | D:4      | Reached skill level 6 in Shapeshifting
  3567 | D:4      | Found a white marble altar of Elyvilon.
  3580 | D:4      | HP: 2/46 [acid (9)]
  3581 | D:4      | Splashed by a jelly's acid

Illustrated notes

Levels and vault maps discovered:
D:1:      dpeg_arrival_rhombus, layout_loops_corners
D:2:      layout_rooms, kennysheep_generic_room_15, uniq_jessica
D:3:      layout_rooms, grunt_temple_overflow_opulence, old_standard_altar,
          serial_aquarium, aquarium_bridge_square [aquarium_subvault_bridge,
          aquarium_subvault_wall, aquarium_subvault_wall,
          aquarium_subvault_window], aquarium_bridge_square
          [aquarium_subvault_bridge, aquarium_subvault_window,
          aquarium_subvault_bridge, aquarium_subvault_bridge],
          aquarium_window_fake, aquarium_window_corner, aquarium_window_fake,
          aquarium_view_2g, aquarium_balcony_1b, minmay_quadrilaterals
D:4:      minmay_inner_zag, layout_basic, lemuel_round_altar, uniq_edmund
D:5:      layout_basic, nicolae_uskayaw_en_pointe

Skill      XL: |  1  2  3  4  5  6  7 |
---------------+----------------------+-----
Fighting       | 2 3 |  3.4
Unarmed Combat | 4 |  4.9
Shapeshifting  | 4 5 6 |  6.3
Dodging        | |  2.0

Action                     |  1- 3 |  4- 6 |  7- 9 || total
---------------------------+-------+-------+-------++-------
  Melee: Unarmed           |    60 |   109 |    17 ||   186
         Constrict         |    13 |    24 |     3 ||    40
         Tentacles         |    12 |    25 |     3 ||    40
         Punch             |     1 |     7 |     1 ||     9
  Evoke: Wand              |       |       |     4 ||     4
    Use: Scroll            |       |     4 |       ||     4
         Potion            |       |       |     1 ||     1
   Stab: Sleeping          |     8 |    15 |       ||    23
         Distracted        |       |     1 |     1 ||     2
 Armour: Skin              |    16 |    26 |     8 ||    50
  Dodge: Dodged            |    36 |    36 |     2 ||    74

Table legend: (Time is in decaauts)
 A = Elapsed time spent in this place.
 B = Non-inter-level travel time spent in this place.
 C = Inter-level travel time spent in this place.
 D = Time resting spent in this place.
 E = Time spent auto-exploring this place.
 F = Levels seen in this place.
 G = Mean time per level.
                   A        B        C        D        E       F      G
               +--------+--------+--------+--------+--------+-----+--------+
         Total |   3563 |   3418 |    145 |    147 |   2608 |   5 |  712.6 |
       Dungeon |   3563 |   3418 |    145 |    147 |   2608 |   5 |  712.6 |
               +--------+--------+--------+--------+--------+-----+--------+

Top non-repeatable levels by time:
     D:4: 988 daAuts
     D:1: 958 daAuts
     D:3: 851 daAuts
     D:2: 434 daAuts
     D:5: 330 daAuts
